 Dungeon Crawl Stone Soup version 0.26-a0-638-gcca6ad1b57 (webtiles) character file.

Game seed: 7908590558393881511

1466 Gottschkopf the Transmogrifier (level 8, -8/59 HPs)
             Began as a Black Draconian Transmuter on Sept 14, 2020.
             Was a Follower of Sif Muna.
             Mangled by an orc warrior
             ... wielding a +0 war axe
              (9 damage)
             ... on level 6 of the Dungeon.
             The game lasted 00:11:01 (6180 turns).

Gottschkopf the Transmogrifier (DrTm)               Turns: 6180, Time: 00:11:01

Health: -8/59      AC:  9    Str: 14    XL:     8   Next: 48%
Magic:  5/11       EV: 12    Int: 15    God:    Sif Muna [*.....]
Gold:   247        SH:  0    Dex: 11    Spells: 1/11 levels left

rFire    . . .     SeeInvis .     - Unarmed
rCold    . . .     Faith    .   (shield currently unavailable)
rNeg     . . .     Spirit   .   (armour unavailable)
rPois    .         Reflect  .   (helmet restricted)
rElec    +         Harm     .   r - +2 cloak
rCorr    .         Rampage  .   (gloves currently unavailable)
MR       .....                  (no boots)
Stlth    ++........             (no amulet)
HPRegen  0.19/turn              j - ring of flight
MPRegen  0.12/turn              l - ring of stealth

@: blade hands (expiring), wereblooded
A: breathe lightning, unfitting armour, electricity resistance, cold-blooded, AC
+6
a: Breathe Lightning, End Transformation, Channel Magic, Renounce Religion,
Evoke Flight


You were on level 6 of the Dungeon.
You worshipped Sif Muna.
Sif Muna was aware of your devotion.
You had blades for hands.
You visited 1 branch of the dungeon, and saw 6 of its levels.

You collected 338 gold pieces.
You spent 91 gold pieces at shops.

Inventory:

Armour
 m - a +2 pair of gloves (melded)
 r - a +2 cloak (worn)
Jewellery
 j - a ring of flight (left scythe-like blade)
 l - a ring of stealth (right scythe-like blade)
 o - an uncursed ring of fire
Wands
 i - a wand of polymorph (8)
Scrolls
 b - 2 scrolls of amnesia
 e - 2 scrolls of magic mapping
 g - 4 scrolls of teleportation
 p - a scroll of remove curse
 q - 3 scrolls of noise
Potions
 a - 3 potions of heal wounds
 d - a potion of stabbing {unknown}
 f - 2 potions of flight
 h - a potion of curing
 n - 2 potions of brilliance


   Skills:
 - Level 1.1 Fighting
 - Level 1.7 Dodging
 - Level 4.5 Unarmed Combat
 - Level 2.0 Spellcasting
 + Level 9.8 Transmutations
 - Level 2.4 Poison Magic


You had one spell level left.
You knew the following spells:

 Your Spells              Type           Power        Failure   Level
b - Spider Form           Tmut/Pois      ###.......   34%         3
c - Wereblood             Tmut           ####....     13%         2
d - Blade Hands           Tmut           ####......   47%         5

Your spell library contained the following spells:

 Spells                   Type           Power        Failure   Level
 Beastly Appendage        Tmut           ####..       11%         1
 Ice Form                 Ice/Tmut       ###.....     73%         4


Dungeon Overview and Level Annotations

Branches:
Dungeon (6/15)             Temple (0/1) D:5

Altars:
Ashenzari
Cheibriados
Elyvilon
Hepliaklqana
Kikubaaqudgha
Okawaru
Sif Muna
Wu Jian

Shops:
D:4 ?


Innate Abilities, Weirdness & Mutations

You can breathe wild blasts of lightning.
Your glossy black scales are hard. (AC +6)
You cannot fit into any form of body armour.
You are resistant to electric shocks. (rElec)
You are cold-blooded and may be slowed by cold attacks.


Message History

Things that are here:
a +1 mace of venom; a +0 ring mail; an orc corpse You slash the orc!
You kill the orc!
Sif Muna accepts your kill.
The orc warrior hits you with a +0 war axe.
You barely miss the orc warrior.
The orc warrior hits you with a +0 war axe!
You barely miss the orc wizard.
You howl as the wereblood boils in your veins!
The orc wizard hits you with a +0 dagger.
* * * LOW HITPOINT WARNING * * *
You barely miss the orc wizard.
The orc warrior hits you with a +0 war axe!
* * * LOW HITPOINT WARNING * * *
You hit the orc wizard.
The orc wizard is moderately wounded.
The orc wizard closely misses you.
The orc warrior hits you with a +0 war axe!
You die...

## ## .. . #.#. #..###
#.oo##### #@....######
#.# #####.$....# #..
######.#### #.#
##########......# #.#
#.(.....##.#.##.## #.#
#.......##.#.....# #.#
#.......##.###...# #.#
#.......##.......#
###.###....)..##.......#


You could see an orc warrior and an orc wizard.

Vanquished Creatures
  2 orc warriors (D:6)
  A phantom (D:5)
  3 ogres
  A centaur (D:6)
  3 bullfrogs (D:6)
  A howler monkey (D:5)
  3 orc priests
  2 orc wizards
  Crazy Yiuf (D:5)
  4 hounds
  3 centaur skeletons
  An iguana (D:5)
  3 worker ants
  A howler monkey zombie (D:6)
  2 adders (D:4)
  2 shadow imps (D:5)
  A white imp (D:6)
  4 oozes
  5 dart slugs
  7 leopard geckos
  10 orcs
  6 giant cockroaches
  A goblin (D:2)
  6 hobgoblins
  11 kobolds
  2 ball pythons (D:4)
  12 bats
  5 frilled lizards
  10 rats
113 creatures vanquished.

Vanquished Creatures (others)
  A jackal skeleton (D:5)
  3 fungi (D:5)
  4 plants (D:5)
8 creatures vanquished.

Grand Total: 121 creatures vanquished

Notes
Turn   | Place    | Note
-------+----------+-------------------------------------------
     0 | D:1      | Gottschkopf the Draconian Transmuter began the quest for
                  | the Orb.
     0 | D:1      | Reached XP level 1. HP: 16/16 MP: 3/3
    73 | D:1      | Reached XP level 2. HP: 12/23 MP: 3/5
   992 | D:2      | Reached XP level 3. HP: 24/28 MP: 4/6
  1334 | D:2      | Learned a level 3 spell: Spider Form
  1463 | D:2      | Found a shimmering blue altar of Sif Muna.
  1475 | D:2      | Became a worshipper of Sif Muna the Loreminder
  1658 | D:3      | Reached XP level 4. HP: 35/35 MP: 5/7
  1731 | D:3      | Reached skill level 1 in Poison Magic
  1901 | D:3      | Reached * piety under Sif Muna
  1927 | D:3      | Found an ancient bone altar of Kikubaaqudgha.
  2296 | D:4      | Noticed an ogre
  2304 | D:4      | Killed an ogre
  2304 | D:4      | Reached skill level 3 in Transmutations
  2304 | D:4      | Reached XP level 5. HP: 40/40 MP: 4/8
  2587 | D:4      | Noticed an ogre
  2598 | D:4      | Killed an ogre
  2598 | D:4      | Reached skill level 4 in Transmutations
  2598 | D:4      | Reached XP level 6. HP: 29/47 MP: 2/9
  2797 | D:4      | Found a shattered altar of Ashenzari.
  2842 | D:4      | Found Hybifutozu's Magic Scroll Shoppe.
  2852 | D:4      | Bought a scroll of noise for 14 gold pieces
  2852 | D:4      | Bought a scroll of magic mapping for 49 gold pieces
  2852 | D:4      | Bought a scroll of identify for 28 gold pieces
  3026 | D:4      | Found an iron altar of Okawaru.
  3044 | D:4      | Reached skill level 5 in Transmutations
  3708 | D:5      | Entered Level 5 of the Dungeon
  3725 | D:5      | Found a white marble altar of Elyvilon.
  3934 | D:5      | Found an ornate altar of the Wu Jian Council.
  4103 | D:5      | Found a hazy altar of Hepliaklqana.
  4168 | D:5      | Reached skill level 6 in Transmutations
  4168 | D:5      | Your scales start taking on a glossy black colour.
  4168 | D:5      | Reached XP level 7. HP: 35/52 MP: 10/10
  4168 | D:5      | Gained mutation: You are resistant to electric shocks.
                  | (rElec) [Black Draconian growth]
  4591 | D:5      | Reached skill level 7 in Transmutations
  4819 | D:5      | Found a runed translucent door.
  4820 | D:5      | Noticed Crazy Yiuf
  4830 | D:5      | Killed Crazy Yiuf
  5106 | D:5      | Found a staircase to the Ecumenical Temple.
  5191 | D:6      | Reached skill level 8 in Transmutations
  5199 | D:6      | Learned a level 5 spell: Blade Hands
  5340 | D:6      | Reached XP level 8. HP: 52/59 MP: 2/11
  5347 | D:6      | Learned a level 2 spell: Wereblood
  5654 | D:6      | Reached skill level 9 in Transmutations
  5813 | D:6      | Found a snail-covered altar of Cheibriados.
  5820 | D:6      | Reached ** piety under Sif Muna
  6179 | D:6      | HP: 1/59 [orc warrior/+0 war axe (16)]
  6180 | D:6      | Mangled by an orc warrior

Illustrated notes

Levels and vault maps discovered:
D:1:      psy_arrival_dodecagon, layout_loops_ring, minmay_misc_feat_tiny,
          kennysheep_crisscross
D:2:      layout_rooms, led_sif_pool
D:3:      layout_basic, overflow_temple_1_default
D:4:      layout_basic, okawaru_trees_1, evilmike_ruin_ashenzari, serial_glass,
          glass_columns_a, glass_columns_a, item_on_display_a, serial_shops,
          shop, minmay_cupped
D:5:      layout_basic, nicolae_overflow_hidden_temple, elyvilon_altar_4,
          kennysheep_little_box, minmay_temple_entry_fiery, serial_bayou_pond_b,
          uniq_crazy_yiuf_cottage
D:6:      layout_loops_cross, kennysheep_slug_shrine, tso_metal_star,
          nicolae_ru_path_of_blood

Skill      XL: |  1  2  3  4  5  6  7  8 |
---------------+-------------------------+-----
Unarmed Combat | 4 |  4.5
Poison Magic   | 2 |  2.4
Transmutations | 3 4 6 8 9 |  9.8
Fighting       | |  1.1
Dodging        | |  1.7
Spellcasting   | |  2.0

Action                   |  1- 3 |  4- 6 |  7- 9 || total
-------------------------+-------+-------+-------++-------
Melee: Unarmed           |   114 |   158 |    98 ||   370
       Kick              |    20 |    26 |    16 ||    62
       Headbutt          |    15 |    16 |     7 ||    38
       Tailslap          |     9 |    12 |     5 ||    26
       Punch             |     1 |       |     1 ||     2
 Cast: Beastly Appendage |    34 |    30 |    10 ||    74
       Spider Form       |       |     3 |     4 ||     7
       Blade Hands       |       |       |     5 ||     5
       Wereblood         |       |       |     3 ||     3
  Use: Scroll            |       |     4 |     7 ||    11
 Stab: Sleeping          |     1 |     1 |     1 ||     3
       Distracted        |       |     1 |       ||     1
Armor: Skin              |    41 |    35 |    19 ||    95
Dodge: Dodged            |    91 |   112 |    49 ||   252

Table legend: (Time is in decaauts)
 A = Elapsed time spent in this place.
 B = Non-inter-level travel time spent in this place.
 C = Inter-level travel time spent in this place.
 D = Time resting spent in this place.
 E = Time spent auto-exploring this place.
 F = Levels seen in this place.
 G = Mean time per level.
                   A        B        C        D        E       F      G
               +--------+--------+--------+--------+--------+-----+--------+
         Total |   6150 |   6075 |     75 |    613 |   4511 |   6 | 1025.0 |
       Dungeon |   6150 |   6075 |     75 |    613 |   4511 |   6 | 1025.0 |
               +--------+--------+--------+--------+--------+-----+--------+

Top non-repeatable levels by time:
     D:5: 1460 daAuts
     D:4: 1404 daAuts
     D:6: 1002 daAuts
     D:1: 983 daAuts
     D:3: 668 daAuts
     D:2: 631 daAuts
